 Dungeon Crawl Stone Soup version 0.31-a0-1-g4198be8af4 (webtiles) character file.

Game seed: 10182589359718636713

27 qeuew the Trooper (level 2, 0/24 HPs)
             Began as a Demonspawn Monk on May 1, 2023.
             Slain by a cerulean imp
             ... wielding a +1 spear
             ... summoned by Natasha
              (5 damage)
             ... on level 2 of the Dungeon.
             The game lasted 00:03:07 (937 turns).

qeuew the Trooper (Demonspawn Monk)                  Turns: 937, Time: 00:03:09

Health: 0/24       AC:  2    Str:  8 (11) XL:     2   Next: 93%
Magic:  1/1        EV: 12    Int:  8 (11) God:
Gold:   104        SH:  0    Dex: 12 (15) Spells: 1/1 levels left

rFire   + . .        a - +0 mace
rCold   . . .        d - orb {light}
rNeg    . . .        b - +0 robe
rPois   +            (no helmet)
rElec   .            (no cloak)
rCorr   .            (no gloves)
SInv    .            (no boots)
Will    .....        (no amulet)
Stlth   +            h - ring of poison resistance
HPRegen 0.24/turn    (no ring)
MPRegen 0.07/turn

%: no passive effects
@: slowed, glowing, very slow
A: demonic touch 1, fire resistance 1, low MP 1, evolution 1, sturdy frame 1
a: no special abilities


You were on level 2 of the Dungeon.
You visited 1 branch of the dungeon, and saw 2 of its levels.

You collected 104 gold pieces.

Inventory:

Hand Weapons
 a - a +0 mace (weapon)
Armour
 b - a +0 robe (worn)
 d - an orb of light (worn)
Jewellery
 h - a ring of poison resistance (left hand)
 m - a ring of see invisible
Scrolls
 f - a scroll of poison
 k - a scroll of enchant armour {unknown}
 l - a scroll of identify {unknown}
 n - a scroll of amnesia {unknown}
Potions
 c - a potion of ambrosia
 e - a potion of lignification {unknown}
 g - a potion of heal wounds
 i - a potion of mutation
 j - 2 potions of might


   Skills:
 + Level 3.2 Fighting
 * Level 3.1 Maces & Flails
 + Level 0.8 Armour
 + Level 2.9 Dodging


You had one spell level left.
You didn't know any spells.
Your spell library was empty.

Dungeon Overview and Level Annotations

Branches:
Dungeon (2/15)

Altars:

Annotations:
D:2 Natasha


Innate Abilities, Weirdness & Mutations

Your touch may inflict minor irresistible damage on your foes.
Your flesh is heat resistant. (rF+)
Your magical capacity is low. (-10% MP)
You have hidden genetic potential.
Your movements are slightly less encumbered by armour. (ER -2)


Message History

You are too injured to fight recklessly!
You are too injured to fight recklessly!
You are too injured to fight recklessly!
You are too injured to fight recklessly!
You are too injured to fight recklessly!
You are too injured to fight recklessly!
You are too injured to fight recklessly!
You are too injured to fight recklessly!
You are too injured to fight recklessly!
You are too injured to fight recklessly!
You are too injured to fight recklessly!
You are too injured to fight recklessly!
Unknown command.
You hit the adder zombie but do no damage.
The adder zombie is lightly damaged.
The adder zombie bites you.
The giant cockroach simulacrum misses you.
The adder zombie barely misses you.
Natasha casts a spell.
You hit the adder zombie.
The adder zombie is heavily damaged.
The giant cockroach simulacrum bites you but does no damage.
The adder zombie bites you but does no damage.
The giant cockroach simulacrum bites you but does no damage.
You hit the adder zombie.
The adder zombie is severely damaged.
The adder zombie misses you. x2
You barely miss Natasha. Natasha casts a spell at you. The magic dart hits you!
* * * LOW HITPOINT WARNING * * *
The adder zombie closely misses you.
You hit Natasha.
Natasha is lightly wounded.
The cerulean imp completely misses you. The adder zombie bites you.
* * * LOW HITPOINT WARNING * * *
Natasha stares at you and mumbles some strange words.
You feel yourself slow down.
The cerulean imp hits you from afar with a +1 spear.
You die... 8)..P #...#........# #.# ZZ.P♣ #...#........# #.# Z.hP

#............# #.#
PZP♣♣####...#.....###..
♣P.P♣ #...#......####
♣PZP♣####...#......####
♣P.P♣#......#.......##.
♣P..♣#.[..###.....#.###
♣♣...#@...# #.....#+##
♣♣.5hZ...# #........##
###.....# #.........#
##....# #..........
#....# ##########.
#....# #... ###### #...
#... #...


You could see Natasha, a cerulean imp (summoned) and an adder zombie.

Vanquished Creatures
  3 bats
  A bat skeleton (D:2)
  A bat zombie (D:2)
  2 endoplasms
  2 giant cockroaches (D:2)
  5 goblins
  3 hobgoblins (D:1)
  2 frilled lizards (D:1)
  A jackal zombie (D:2)
  A kobold (D:2)
  3 rats (D:1)
24 creatures vanquished.

Vanquished Creatures (others)
  11 withered plants (D:2)
11 creatures vanquished.

Grand Total: 35 creatures vanquished

Notes
Turn   | Place    | Note
-------+----------+-------------------------------------------
     0 | D:1      | qeuew the Demonspawn Monk began the quest for the Orb.
     0 | D:1      | Reached XP level 1. HP: 18/18 MP: 1/1
   146 | D:1      | Gained mutation: Your touch may inflict minor irresistible
                  | damage on your foes. [demonic ancestry]
   146 | D:1      | Reached XP level 2. HP: 21/24 MP: 2/2
   678 | D:1      | Gained mutation: Your body sometimes deteriorates upon
                  | taking damage. [potion of mutation]
   685 | D:1      | Lost mutation: Your body sometimes deteriorates upon taking
                  | damage. [potion of mutation]
   685 | D:1      | Gained mutation: Your flesh is heat resistant. (rF+)
                  | [potion of mutation]
   685 | D:1      | Gained mutation: You have hidden genetic potential. [potion
                  | of mutation]
   685 | D:1      | Gained mutation: Your magical capacity is low. (-10% MP)
                  | [potion of mutation]
   685 | D:1      | Gained mutation: Your movements are slightly less
                  | encumbered by armour. (ER -2) [potion of mutation]
   914 | D:2      | Noticed Natasha
   937 | D:2      | Slain by a cerulean imp

Illustrated notes

Levels and vault maps discovered:
D:1:      giann_horns, layout_basic
D:2:      layout_basic, dilly_guarded_unrand_morg, uniq_natasha

Skill      XL: |  1  2 |
---------------+-------+-----
Maces & Flails | 3 |  3.1
Fighting       | |  3.2
Armour         | |  0.8
Dodging        | |  2.9

Action                     || total
---------------------------++-------
  Melee: Mace              ||    51
    Use: Potion            ||     6
         Scroll            ||     1
 Armour: Robe              ||    21
  Dodge: Dodged            ||    49

Table legend: (Time is in decaauts)
 A = Elapsed time spent in this place.
 B = Non-inter-level travel time spent in this place.
 C = Inter-level travel time spent in this place.
 D = Time resting spent in this place.
 E = Time spent auto-exploring this place.
 F = Levels seen in this place.
 G = Mean time per level.
                   A        B        C        D        E       F      G
               +--------+--------+--------+--------+--------+-----+--------+
         Total |    957 |    887 |     70 |     31 |    708 |   2 |  478.5 |
       Dungeon |    957 |    887 |     70 |     31 |    708 |   2 |  478.5 |
               +--------+--------+--------+--------+--------+-----+--------+

Top non-repeatable levels by time:
     D:1: 791 daAuts
     D:2: 166 daAuts
